 Dungeon Crawl Stone Soup version 0.21.1-1-g345015f (webtiles) character file.

39476 teukkam the Martial Artist (level 12, -1/195 HPs)
             Began as a Troll Monk on June 20, 2018.
             Was the Champion of Jiyva.
             Slain by an orc knight
             ... wielding a +1 war axe of electrocution
              (5 damage)
             ... on level 1 of the Orcish Mines on June 21, 2018.
             The game lasted 01:58:33 (16597 turns).

teukkam the Martial Artist (Troll Monk)            Turns: 16597, Time: 01:58:34

Health: -1/195     AC: 13    Str: 13    XL:     12   Next: 98%
Magic:  11/11      EV: 12    Int: 12    God:    Jiyva [******]
Gold:   781        SH:  3    Dex: 47    Spells: 11/11 levels left

rFire    + + .     SeeInvis +   b - +8 hand axe "Kuwnipruff" {chop, *Corrode rElec Dex+3}
rCold    + . .     Gourm    +   (no shield)
rNeg     . . .     Faith    .   w - +0 troll leather armour
rPois    +         Spirit   .   C - +1 hat {SInv}
rElec    +         Reflect  +   K - +2 cloak of the Constellations {*Corrode Int+6}
rCorr    +         Harm     .   (gloves unavailable)
MR       .....                  (boots unavailable)
Stlth    ..........             o - +3 amulet of reflection
HPRegen  1.22/turn              y - +5 ring of dexterity
MPRegen  0.12/turn              x - +5 ring of intelligence

@: berserking, very quick
A: large, unfitting armour, claws 3, agile 2, fire resistance 2, fast metabolism
3, gourmand, poison resistance, regeneration 1, shaggy fur 3, tough skin 2, wild
magic 1, acidic bite, evolution 1
}: 1/15 runes: slimy
a: Request Jelly, Slimify, Cure Bad Mutation, Renounce Religion


You were on level 1 of the Orcish Mines.
You worshipped Jiyva.
Jiyva was exalted by your worship.
You were completely stuffed.

You visited 4 branches of the dungeon, and saw 23 of its levels.
You also visited: Ossuary.

You collected 781 gold pieces.

Inventory:

Hand Weapons
 b - the +8 hand axe "Kuwnipruff" (weapon) {chop, *Corrode rElec Dex+3}
   (You found it on level 10 of the Dungeon)

   It inflicts extra damage upon your enemies.
   It affects your dexterity (+3).
   It insulates you from electricity.
   It may corrode you when you take damage.
 l - a +1 trident of flaming
 B - a +6 war axe of chopping
 H - a +5 demon trident
Missiles
 a - 3 large rocks (quivered)
 j - 58 poisoned needles
 p - a tomahawk
 q - 2 tomahawks of returning
 I - 6 javelins
Armour
 w - a +0 troll leather armour (worn)
 C - a +1 hat of see invisible (worn)
 K - the +2 cloak of the Constellations (worn) {*Corrode Int+6}
   (You found it on level 5 of the Pits of Slime)

   It affects your intelligence (+6).
   It may corrode you when you take damage.
Jewellery
 o - a +3 amulet of reflection (around neck)
 x - a +5 ring of intelligence (right claw)
 y - a +5 ring of dexterity (left claw)
 O - an uncursed ring of see invisible
Wands
 d - a wand of polymorph (10)
 e - a wand of flame (40)
 k - a wand of random effects (14)
 v - a wand of acid (13)
 z - a wand of paralysis (10)
Scrolls
 c - a scroll of enchant armour
 f - 3 scrolls of teleportation
 h - a scroll of fog
 n - 3 scrolls of immolation
 r - 10 scrolls of identify
 u - 4 scrolls of remove curse
 F - 2 scrolls of enchant weapon
 G - a scroll of magic mapping
Potions
 g - a potion of ambrosia {unknown}
 m - 4 potions of haste
 t - 2 potions of brilliance
 A - a potion of flight
 D - a potion of agility
 E - a potion of might
 L - 3 potions of curing
 M - a potion of berserk rage
 N - a potion of cancellation
Books
 P - a book of Callings

   Spells                             Type                      Level
   a - Summon Small Mammal            Summoning                    1
   b - Call Imp                       Summoning                    2
   c - Call Canine Familiar           Summoning                    3
   d - Summon Guardian Golem          Hexes/Summoning              3
   e - Summon Lightning Spire         Summoning/Air                4
   f - Summon Ice Beast               Ice/Summoning                4
Miscellaneous
 s - a phantom mirror
Comestibles
 J - 14 rations


   Skills:
 - Level 11.3 Fighting
 + Level 2.1(3.4) Axes
   Level 4.5(4.8) Maces & Flails
 + Level 2.3 Throwing
 - Level 2.4 Dodging
 - Level 1.0 Stealth
   Level 10.0 Shields
 - Level 12.0 Unarmed Combat


You had 11 spell levels left.
You didn't know any spells.

Dungeon Overview and Level Annotations

Branches:
Dungeon (11/15)            Temple (0/1) D:4            Lair (6/6) D:11
 Shoals (0/4) Lair:4       Spider (0/4) Lair:3        Slime (5/5) Lair:5
    Orc (1/2) D:10

Altars:
Okawaru
Qazlal
Trog
Uskayaw
Vehumet
Yredelemnul
Beogh
Jiyva

Shops:
D:10 (   Orc:1 [

Annotations:
Slime:5 Royal Jelly


Innate Abilities, Weirdness & Mutations

You are too large for most types of armour.
You have claws for hands.
Your metabolism is lightning-fast.
You like to eat raw meat.
Your natural rate of healing is unusually fast.
Your thick and shaggy fur keeps you warm. (AC +3, rC+)
You have very tough skin. (AC +2)
You are very agile. (Dex +4)
Your flesh is very heat resistant. (rF++)
Your system is resistant to poisons. (rPois)
Your spells are a little harder to cast, but a little more powerful.
You have acidic saliva.
You evolve.


Message History

Okay, then.
A red film seems to cover your vision as you go berserk!
You feel yourself moving faster!
You feel mighty!
The orc warrior hits you with a hand axe!
* * * LOW HITPOINT WARNING * * *
The orc knight hits you with a war axe of electrocution!
* * * LOW HITPOINT WARNING * * *
You closely miss the orc warrior.
You hit the orc knight but do no damage.
You slash the orc warrior! The orc warrior closely misses you.
The orc closely misses you.
An orc warrior comes into view. It is wielding a trident.
The orc warrior shouts!
You slash the orc warrior!
You kill the orc warrior!
You hit the orc warrior but do no damage.
You hit the orc knight.
You hear a shout! x4
The orc knight hits you with a war axe of electrocution.
You die...

.##.. ..... . ....## ..
#...## ## ... #....###
##. .... #......##
####.. #....
##.....####.###.
.....o###......##....#..
...o.T)@....#.......#...
...#.ooo....##.......#..
#.#....#####J........ #
#....# ##........ #.#.##
.......... #####
........... ##..........
....#...... ..#.......


You could see an orc knight, a troll, 3 orc warriors and an orc.

Vanquished Creatures
  Gastronok (Orc:1)
  The ghost of tidbits the Reanimator, a journeyman GnNe of Cheibriados (Lair:2)
  2 two-headed ogres (D:8)
  Urug (Lair:2)
  Nergalle (Lair:4)
  An orb spider (Lair:3)
  An orc knight (Orc:1)
  An orc sorcerer (D:10)
  4 merfolk sirens (Lair:4)
  2 black mambas
  2 gargoyles (D:10)
  4 spiny frogs
  3 rime drakes
  4 komodo dragons
  2 trolls (D:10)
  The ghost of olivier the Covered, an amateur GnWn (D:4)
  A hornet (D:10)
  A polar bear (Lair:5)
  22 blink frogs
  A hippogriff (D:11)
  3 hogs (D:7)
  5 yaks
  A human (D:7)
  2 hungry ghosts (D:10)
  2 hell hounds (D:11)
  9 water moccasins
  6 porcupines
  9 orc warriors
  A swamp drake (D:10)
  A sky beast (D:6)
  A black bear (D:9)
  2 ice beasts
  6 ogres
  A phantom (D:6)
  7 crocodiles
  6 centaurs
  A big kobold (D:9)
  11 bullfrogs
  Blork the orc (D:4)
  8 scorpions (Ossuary)
  16 wights
  4 howler monkeys (D:9)
  2 vampire bats (Lair:1)
  An electric eel (Lair:2)
  3 jellies
  2 centaur zombies
  2 crimson imps
  12 orc priests
  4 hounds
  3 bullfrog skeletons
  8 orc wizards
  4 iguanas
  A hell rat (Lair:5)
  4 worker ants
  A big kobold zombie (Ossuary)
  A hound zombie (D:9)
  4 mummies
  A worker ant zombie (D:6)
  Robin (D:4)
  13 adders
  3 gnolls
  3 scorpion zombies (Ossuary)
  5 river rats
  2 shadow imps
  An ooze (D:3)
  A worm (D:3)
  An adder skeleton (D:6)
  A dart slug (D:2)
  7 leopard geckos
  53 orcs
  A ball python (D:2)
  13 bats
  3 giant cockroaches
  3 gnoll zombies (Ossuary)
  12 goblins
  5 hobgoblins
  11 jackals
  8 kobolds
  3 quokkas
  3 frilled lizards
  2 goblin zombies (Ossuary)
  A hobgoblin zombie (Ossuary)
  A jackal zombie (D:7)
  3 kobold zombies (Ossuary)
  A leopard gecko zombie (D:5)
  5 orc zombies (Ossuary)
  A quokka skeleton (D:4)
  8 rats
  A butterfly (Lair:1)
388 creatures vanquished.

Vanquished Creatures (others)
  An acid blob (Slime:5)
  An azure jelly (Slime:5)
  A shining eye (Slime:5)
  3 eyes of devastation (Slime:5)
  13 slime creatures
  The ghost of Lokkij the Ruffian, an amateur VSMo of Uskayaw (D:5)
  A porcupine (Lair:2)
  2 water moccasins (Lair:5)
  An eye of draining (Slime:5)
  An ogre (Orc:1)
  37 jellies
  2 crocodiles (Lair:2)
  3 bullfrogs
  The ghost of tidbits the Grave Robber, a weakling GnNe (D:3)
  A howler monkey (D:5)
  A hound (D:5)
  2 orc priests
  2 orc wizards (Orc:1)
  2 worker ants (D:4)
  A hound skeleton (D:4)
  A gnoll (D:3)
  2 adders
  2 river rats
  A worm (D:3)
  A leopard gecko (D:4)
  14 orcs
  A giant cockroach (D:3)
  A jackal zombie (D:7)
  4 rats
  2 bushes (Lair:6)
  A butterfly (Lair:2)
  4 fungi
  5 plants
116 creatures vanquished.

Grand Total: 504 creatures vanquished

Notes
Turn   | Place    | Note
-------+----------+-------------------------------------------
     0 | D:1      | teukkam the Troll Monk began the quest for the Orb.
     0 | D:1      | Reached XP level 1. HP: 22/22 MP: 0/0
   363 | D:3      | Reached XP level 2. HP: 28/29 MP: 1/1
   574 | D:3      | Reached XP level 3. HP: 34/37 MP: 2/2
   624 | D:4      | Noticed Blork the orc
   631 | D:4      | Killed Blork the orc
   631 | D:4      | Reached skill level 4 in Unarmed Combat
   631 | D:4      | Reached XP level 4. HP: 45/45 MP: 3/3
   661 | D:4      | Noticed an ogre
   736 | D:3      | Noticed tidbits's ghost (weakling GnNe)
   790 | D:4      | Found a stormy altar of Qazlal.
   885 | D:5      | Entered Level 5 of the Dungeon
   885 | D:5      | Noticed a centaur
   890 | D:5      | Killed a centaur
   890 | D:5      | Reached XP level 5. HP: 47/54 MP: 4/4
   974 | D:5      | HP: 3/81 [orc/hand axe (5)]
   975 | D:5      | Reached skill level 5 in Unarmed Combat
  1135 | D:7      | Noticed an ice beast
  1143 | D:7      | Killed an ice beast
  1143 | D:7      | Reached XP level 6. HP: 15/63 MP: 5/5
  1223 | D:7      | Found a sand-covered staircase.
  1280 | Ossuary  | Entered an ossuary
  1509 | Ossuary  | Reached skill level 5 in Fighting
  1509 | Ossuary  | Reached skill level 6 in Unarmed Combat
  1509 | Ossuary  | Reached XP level 7. HP: 56/72 MP: 6/6
  2125 | D:8      | Reached skill level 7 in Unarmed Combat
  2138 | D:8      | Reached XP level 8. HP: 25/83 MP: 7/7
  2341 | D:8      | Noticed a two-headed ogre
  2350 | D:8      | HP: 1/83 [two-headed ogre/giant club (22)]
  2717 | D:8      | Killed a two-headed ogre
  2717 | D:8      | Reached skill level 8 in Unarmed Combat
  2963 | D:8      | Noticed a two-headed ogre
  2972 | D:8      | Killed a two-headed ogre
  2972 | D:8      | Reached skill level 9 in Unarmed Combat
  2972 | D:8      | Reached XP level 9. HP: 9/94 MP: 8/8
  3168 | D:9      | Found an iron altar of Okawaru.
  3440 | D:9      | Reached skill level 10 in Unarmed Combat
  3459 | D:10     | Entered Level 10 of the Dungeon
  3589 | D:10     | Noticed a gargoyle
  3597 | D:10     | Killed a gargoyle
  3770 | D:10     | Noticed a troll
  3780 | D:10     | Killed a troll
  3780 | D:10     | Reached XP level 10. HP: 50/107 MP: 9/9
  3893 | D:10     | Found Oseaff's Antique Weapon Boutique.
  3954 | D:11     | Found a staircase to the Lair.
  4303 | Lair:1   | Entered Level 1 of the Lair of Beasts
  4422 | Lair:1   | Reached skill level 11 in Unarmed Combat
  4444 | Lair:2   | Noticed Urug
  4444 | Lair:2   | Noticed a black mamba
  4457 | Lair:1   | Killed a black mamba
  4942 | Lair:4   | Reached skill level 1 in Shields
  5095 | Lair:4   | Noticed Nergalle
  5104 | Lair:4   | Killed Nergalle
  5104 | Lair:4   | Reached skill level 10 in Fighting
  5160 | Lair:5   | Noticed a spiny frog
  5170 | Lair:5   | Killed a spiny frog
  5210 | Lair:5   | Found a staircase to the Slime Pits.
  5210 | Lair:5   | Found a viscous altar of Jiyva.
  5218 | Lair:5   | Became a worshipper of Jiyva Joneycit the Shapeless
  5218 | Lair:5   | Reached * piety under Jiyva
  5218 | Lair:5   | Reached ** piety under Jiyva
  5252 | Lair:5   | Reached XP level 11. HP: 45/117 MP: 10/10
  5390 | Lair:4   | Reached *** piety under Jiyva
  5399 | Lair:4   | Gained mutation: Your muscles are strong. (Str +2) [Jiyva's grace]
  5809 | Lair:4   | Found a staircase to the Shoals.
  5832 | Lair:3   | Reached skill level 12 in Unarmed Combat
  6381 | Lair:3   | Gained mutation: Your flesh is cold resistant. (rC+) [Jiyva's grace]
  6436 | Lair:3   | Reached **** piety under Jiyva
  6698 | Lair:3   | Noticed an orb spider
  6788 | Lair:2   | Reached skill level 5 in Shields
  6968 | Lair:1   | Lost mutation: Your muscles are strong. (Str +2) [Jiyva's grace]
  7461 | Lair:2   | Reached ***** piety under Jiyva
  7465 | Lair:2   | Gained mutation: Your body sometimes deteriorates upon taking damage. [Jiyva's grace]
  7660 | Lair:2   | Noticed tidbits's ghost (journeyman GnNe)
  7686 | Lair:2   | Killed tidbits's ghost
  7753 | Lair:2   | Killed Urug
  8138 | Lair:3   | Killed an orb spider
  8178 | Lair:3   | Found a hole to the Spider Nest.
  8385 | Lair:4   | Gained mutation: Your muscles are strong. (Str +2) [Jiyva's grace]
  9196 | Lair:5   | Reached XP level 12. HP: 75/126 MP: 11/11
  9461 | Lair:5   | Lost mutation: Your muscles are strong. (Str +2) [Jiyva's grace]
  9731 | Lair:5   | Noticed a seven-headed hydra
  9737 | Lair:5   | Slimified a seven-headed hydra
  9737 | Lair:5   | Noticed an azure jelly
  9737 | Lair:5   | a seven-headed hydra changed into an azure jelly
 10017 | Lair:6   | Entered Level 6 of the Lair of Beasts
 10279 | Lair:6   | Gained mutation: You are covered in thick fur. (AC +2) [Jiyva's grace]
 10328 | Lair:6   | Reached skill level 10 in Shields
 10338 | Lair:5   | Reached ****** piety under Jiyva
 10363 | Slime:1  | Entered Level 1 of the Pits of Slime
 10363 | Slime:1  | Noticed a great orb of eyes
 10367 | Slime:2  | Noticed an acid blob
 10380 | Slime:3  | Noticed a death ooze
 10399 | Slime:5  | Entered Level 5 of the Pits of Slime
 10399 | Slime:5  | Noticed a great orb of eyes
 10399 | Slime:5  | Noticed an azure jelly
 10419 | Slime:5  | Noticed an acid blob
 10426 | Slime:5  | Noticed an acid blob
 10427 | Slime:5  | Found a viscous altar of Jiyva.
 10428 | Slime:5  | Noticed the Royal Jelly
 10428 | Slime:5  | Noticed a great orb of eyes
 10428 | Slime:5  | Noticed an acid blob
 10429 | Slime:5  | Noticed a great orb of eyes
 10430 | Slime:5  | Noticed a great orb of eyes
 10431 | Slime:5  | Gained mutation: You have acidic saliva. [Jiyva's grace]
 10435 | Slime:5  | Lost mutation: Your body sometimes deteriorates upon taking damage. [Jiyva's grace]
 10438 | Slime:5  | Lost mutation: Your flesh is cold resistant. (rC+) [Jiyva's grace]
 10444 | Slime:5  | Killed an azure jelly
 10454 | Slime:5  | Noticed an acid blob
 10454 | Slime:5  | Gained mutation: You possess an exceptional clarity of mind. [Jiyva's grace]
 10459 | Slime:5  | Got a slimy rune of Zot
 10462 | Slime:5  | Noticed an acid blob
 10469 | Slime:5  | Got a twisted dire flail
 10482 | Slime:5  | Got a dazzling cloak
 10488 | Slime:5  | Identified the +2 cloak of the Constellations {*Corrode Int+6} (You found it on level 5 of the Pits of Slime)
 10495 | Slime:5  | Identified the +6 dire flail "Veawk" {freeze, rN+} (You found it on level 5 of the Pits of Slime)
 10501 | Slime:5  | Noticed an acid blob
 10501 | Slime:5  | Killed an acid blob
 10510 | Slime:5  | Noticed an acid blob
 10990 | D:6      | Reached skill level 1 in Maces & Flails
 11087 | D:6      | Found a basalt altar of Yredelemnul.
 11896 | D:2      | Gained mutation: Your flesh is heat resistant. (rF+) [Jiyva's grace]
 12143 | D:3      | Killed tidbits's ghost
 12548 | D:4      | Noticed olivier's ghost (amateur GnWn)
 12554 | D:4      | Killed olivier's ghost
 12561 | D:4      | Found a staircase to the Ecumenical Temple.
 12583 | D:4      | Gained mutation: You have a small jelly attached to you that senses nearby items. [Jiyva's grace]
 12619 | D:4      | Noticed Robin
 12640 | D:4      | Killed Robin
 12658 | D:4      | Found a radiant altar of Vehumet.
 12689 | D:4      | Found a bloodstained altar of Trog.
 13035 | D:5      | Gained mutation: You are agile. (Dex +2) [Jiyva's grace]
 13332 | D:5      | Killed Lokkij's ghost
 14503 | D:7      | Gained mutation: You are very agile. (Dex +4) [Jiyva's grace]
 14710 | D:7      | Gained mutation: You evolve. [Jiyva's grace]
 14888 | D:8      | Found a hide-covered altar of Uskayaw.
 14990 | D:8      | Gained mutation: Your system is resistant to poisons. (rPois) [Jiyva's grace]
 15791 | D:10     | Lost mutation: You have a small jelly attached to you that senses nearby items. [Jiyva's grace]
 15989 | D:10     | Got a twisted hand axe
 15991 | D:10     | Identified the +8 hand axe "Kuwnipruff" {chop, *Corrode rElec Dex+3} (You found it on level 10 of the Dungeon)
 16094 | D:10     | Found a staircase to the Orcish Mines.
 16143 | D:10     | Gained mutation: Your thick and shaggy fur keeps you warm. (AC +3, rC+) [Jiyva's grace]
 16177 | Orc:1    | Entered Level 1 of the Orcish Mines
 16177 | Orc:1    | Found a roughly hewn altar of Beogh.
 16410 | Orc:1    | Found Cititopt's Antique Armour Emporium.
 16413 | Orc:1    | Noticed Gastronok
 16426 | Orc:1    | Lost mutation: You possess an exceptional clarity of mind. [Jiyva's grace]
 16436 | Orc:1    | Killed Gastronok
 16436 | Orc:1    | Reached skill level 1 in Axes
 16436 | Orc:1    | Reached skill level 1 in Throwing
 16457 | Orc:1    | Gained mutation: Your flesh is very heat resistant. (rF++) [Jiyva's grace]
 16566 | Orc:1    | Gained mutation: Your spells are a little harder to cast, but a little more powerful. [Jiyva's grace]
 16595 | Orc:1    | HP: 2/195 [orc knight/war axe of electrocution (11)]
 16597 | Orc:1    | Slain by an orc knight

Skill      XL: |  1  2  3  4  5  6  7  8  9 10 11 12 |
---------------+-------------------------------------+-----
Fighting       | 3 4 5 6 7 9 10 11 | 11.3
Unarmed Combat | 4 5 6 7 9 10 11 12 | 12.0
Shields        | 3 8 10 | 10.0
Maces & Flails | 4 |  4.5
Axes           | 2 |  2.1
Throwing       | 2 |  2.3
Dodging        | |  2.4
Stealth        | |  1.0

Action                   |  1- 3 |  4- 6 |  7- 9 | 10-12 || total
-------------------------+-------+-------+-------+-------++-------
Melee: Unarmed           |    62 |    86 |   234 |   786 ||  1168
       Punch             |     1 |       |     7 |    52 ||    60
       War axe           |       |       |       |     4 ||     4
       Bite              |       |       |       |    99 ||    99
       Hand axe          |       |       |       |    98 ||    98
       Dire flail        |       |       |       |    20 ||    20
Throw: Tomahawk          |       |       |     6 |    11 ||    17
Invok: Request Jelly     |       |       |       |     6 ||     6
       Slimify           |       |       |       |     1 ||     1
Evoke: Wand              |       |       |     4 |    16 ||    20
  Use: Potion            |     1 |     1 |     9 |    13 ||    24
       Scroll            |       |     1 |     5 |    17 ||    23
 Stab: Sleeping          |     1 |       |     3 |    10 ||    14
       Paralysed         |       |       |       |     8 ||     8
       Invisible         |       |       |       |     3 ||     3
       Distracted        |       |       |       |     3 ||     3
       Confused          |       |       |       |     1 ||     1
  Eat: Chunk             |     8 |    10 |    22 |     6 ||    46
       Ration            |       |       |     1 |    10 ||    11
Armor: Robe              |    12 |    11 |    36 |   150 ||   209
       Skin              |       |       |     4 |       ||     4
       Troll leather arm |       |       |       |    46 ||    46
Dodge: Dodged            |    27 |    32 |    94 |   340 ||   493
Block: Other             |     3 |    10 |    17 |    55 ||    85
       Shield            |       |       |       |   156 ||   156
       Reflection        |       |       |       |     5 ||     5
